[Event "45th FIDE Olympiad 2024"]
[Site "Budapest"]
[Date "2024.09.14"]
[Round "4"]
[White "Abdul Rahman, Ali"]
[Black "Savva, Panikos"]
[Result "0-1"]
[ECO "A45"]
[WhiteElo "1844"]
[BlackElo "1973"]
[PlyCount "112"]
[EventDate "2024.09.05"]
[EventType "team-tourn"]
[EventCountry "HUN"]
[WhiteTeam "Maldives"]
[BlackTeam "Cyprus"]
[WhiteTeamCountry "MDV"]
[BlackTeamCountry "CYP"]
[TimeControl "40/5400+30:1800+30"]

1. d4 Nf6 2. e3 g6 3. Bd3 Bg7 4. c3 O-O 5. f4 d6 6. Nf3 c5 7. O-O Nc6 8. Bb5 Qb6 9. Qe2 a6 10. Ba4 Bf5 11. Nbd2 cxd4 12. exd4 Nd5 13. Nc4 Qc7 14. Bb3 b5 15. Na3 Nb6 16. Nh4 Qd7 17. Nxf5 Qxf5 18. Bc2 Qd7 19. f5 b4 20. Nc4 Nxc4 21. Qxc4 d5 22. Qe2 bxc3 23. bxc3 Qd6 24. Rb1 e5 25. Rb3 Rfc8 26. Ba3 Qc7 27. fxg6 hxg6 28. Qf3 e4 29. Qf2 Na5 30. Rbb1 Nc4 31. Bc1 Qe7 32. Bb3 a5 33. Bxc4 Rxc4 34. Rb5 Qd7 35. Qb2 Rac8 36. Bd2 e3 37. Rb7 R8c7 38. Rb8+ Rc8 39. Rb7 R4c7 40. Rxc7 Qxc7 41. Bxe3 Qxc3 42. Qf2 Rc7 43. h3 Re7 44. Re1 Bxd4 45. Bxd4 Qxe1+ 46. Qxe1 Rxe1+ 47. Kf2 Re4 48. Bb6 Ra4 49. Kf3 Ra3+ 50. Kf4 Rxa2 51. g4 a4 52. Ke5 Rh2 53. Kxd5 Rxh3 54. g5 a3 55. Kc4 a2 56. Bd4 Rh4 {0-} 0-1

[Event "45th FIDE Olympiad 2024"]
[Site "Budapest"]
[Date "2024.09.14"]
[Round "4.1"]
[White "Caruana, Fabiano"]
[Black "Volokitin, Andrei"]
[Result "1-0"]
[ECO "B90"]
[WhiteElo "2798"]
[BlackElo "2660"]
[Annotator "TA"]
[PlyCount "85"]
[EventDate "2024.09.05"]
[EventType "team-tourn"]
[EventCountry "HUN"]
[SourceTitle "playchess.com"]
[Source "ChessBase"]
[SourceQuality "1"]
[WhiteTeam "United States of America"]
[BlackTeam "Ukraine"]
[BlackTeamCountry "UKR"]
[TimeControl "40/5400+30:1800+30"]

1. e4 c5 2. Nf3 d6 3. d4 cxd4 4. Nxd4 Nf6 5. Nc3 a6 6. Bd3 g6 7. f3 Qb6 8. Nb3 (8. a3 $5) 8... Nbd7 9. Qe2 {[%emt 0:00:42] White is slightly better.} Bg7 10. Be3 Qc7 11. g4 b5 12. g5 Nh5 13. Nd5 Qd8 14. O-O-O Bb7 15. Qe1 e6 (15... Bxd5 $11 16. exd5 O-O) 16. Nf4 $1 $14 Nxf4 (16... Qxg5 $2 {is the wrong capture.} 17. Nxe6 Qf6 18. Nxg7+ Nxg7 19. Na5 $18) 17. Bxf4 Ne5 18. Be2 Rc8 19. Qb4 d5 20. c3 Qe7 21. Qxe7+ Kxe7 22. exd5 Bxd5 23. Be3 Bxf3 (23... Nxf3 $2 {loses.} 24. Rxd5 exd5 25. Bxf3 $18) 24. Bxf3 Nxf3 25. Nc5 Rhd8 {[%emt 0:00:57] Repels Rd7+} (25... h6 $1 $17 26. h4 hxg5 27. hxg5 Rxh1 28. Rxh1 Kf8) 26. Nxa6 Rxd1+ 27. Rxd1 Nxh2 $2 (27... Be5 $15 {keeps the upper hand.}) 28. Bc5+ {[%emt 0:01:33] White now steadily converts the win.} Ke8 {[%emt 0:00:37] [#]} 29. Bd6 $1 {[%emt 0:00:03] White is more active.} Nf3 30. Nc7+ Rxc7 31. Bxc7 $18 {[%emt 0:00:04] Rd8+ would now be deadly.} Nxg5 $16 {[%emt 0:00:04][%mdl 4096] Endgame. [#] KRB-KBN} 32. Rd8+ $1 Ke7 33. Rb8 {[%emt 0:00:04] Strongly threatening Bd8+.} Ne4 $2 (33... Kd7 34. Bf4 (34. Rxb5 $2 {too greedy.} Kxc7 35. a4 Ne4 $19) 34... Nf3) 34. Rxb5 $18 Kd7 35. Bh2 Kc6 36. Rb8 f5 37. a4 e5 38. a5 Nc5 {[%emt 0:00:29] Prevents a6} 39. b4 Nd7 40. b5+ Kc7 41. Re8 f4 42. a6 f3 43. Bg1 {[%emt 0:00:00] Weighted Error Value: White=0.07 (flawless) /Black=0.54.  Mistake:       	---       	Black=5      Inaccurate:     	White=2     	Black=3      OK:         	White=10    	Black=10     Best:        	White=3     	Black=3      Strong:       	White=2     	---} 1-0

[Event "45th FIDE Olympiad 2024"]
[Site "Budapest"]
[Date "2024.09.14"]
[Round "4.1"]
[White "Allam, Mohamed"]
[Black "Khan, Taffin"]
[Result "1-0"]
[ECO "A55"]
[WhiteElo "2053"]
[BlackElo "2066"]
[PlyCount "99"]
[EventDate "2024.09.05"]
[EventType "team-tourn"]
[EventCountry "HUN"]
[WhiteTeam "Palestine"]
[BlackTeam "Guyana"]
[WhiteTeamCountry "PLE"]
[BlackTeamCountry "GUY"]
[TimeControl "40/5400+30:1800+30"]

1. d4 Nf6 2. c4 d6 3. Nc3 Nbd7 4. e4 e5 5. Nf3 Be7 6. Be2 O-O 7. O-O c6 8. b3 Qc7 9. Bb2 Re8 10. Rc1 Bf8 11. Qc2 b6 12. Rfd1 Bb7 13. d5 Rac8 14. a4 a5 15. Ba3 c5 16. Bd3 Ba6 17. Ne2 g6 18. Rb1 Bg7 19. Bc1 h6 20. h3 Re7 21. Be3 Rf8 22. Kf1 Bc8 23. Qd2 Kh7 24. g4 Ng8 25. Ng3 Nb8 26. Ke2 Na6 27. Rbc1 Nb4 28. Bb1 Bd7 29. Rg1 Qc8 30. Nh4 f6 31. Rg2 Ref7 32. Rcg1 Ne7 33. Ke1 Rh8 34. f4 Kg8 35. f5 g5 36. Nf3 Kf8 37. Rh2 Rg8 38. h4 Ke8 39. hxg5 hxg5 40. Bxg5 Bf8 41. Bxf6 Rxg4 42. Bxe5 Nxf5 43. exf5 dxe5 44. Nxe5 Re7 45. Re2 Rd4 46. Qg5 Rg7 47. Qf6 Re7 48. d6 Nc6 49. dxe7 Nxe7 50. Qf7+ 1-0

[Event "45th FIDE Olympiad 2024"]
[Site "Budapest"]
[Date "2024.09.14"]
[Round "4.2"]
[White "Ivanchuk, Vasyl"]
[Black "So, Wesley"]
[Result "1-0"]
[ECO "E36"]
[WhiteElo "2635"]
[BlackElo "2752"]
[Annotator "TA"]
[PlyCount "95"]
[EventDate "2024.09.05"]
[EventType "team-tourn"]
[EventCountry "HUN"]
[SourceTitle "playchess.com"]
[Source "ChessBase"]
[SourceQuality "1"]
[WhiteTeam "Ukraine"]
[BlackTeam "United States of America"]
[WhiteTeamCountry "UKR"]
[TimeControl "40/5400+30:1800+30"]

1. d4 Nf6 2. c4 e6 3. Nc3 Bb4 4. Qc2 O-O 5. a3 Bxc3+ 6. Qxc3 d5 7. Nf3 dxc4 8. Qxc4 b6 9. Bg5 {[%emt 0:00:05] E36: Nimzo-Indian: Classical: 4...d5 5 a3.} Ba6 10. Qa4 Qd7 11. Qc2 {[%emt 0:00:16] 11.Qc2 has become a bit dusty these days.} c5 12. dxc5 Rc8 13. Rd1 Qe7 14. Qa4 $5 {[%emt 0:21:06][%mdl 4] An interesting side line.} bxc5 $146 ({Predecessor:} 14... Qxc5 15. Bxf6 gxf6 16. e3 Bxf1 17. Rxf1 Nc6 18. Ke2 Na5 19. Rc1 Qf5 20. g4 Qd5 {1-0 Torres Rosas,L (2352)-Ruiz Castillo,J (2503) Charlotte CCCSA Summer GM-A 2021 (3)}) 15. h4 c4 16. Rh3 h6 17. Qc2 Nbd7 18. Nd4 (18. g4 $15) 18... Bb7 $17 19. Bd2 a5 20. f3 Qc5 21. Be3 c3 22. Qxc3 Qxc3+ 23. bxc3 Rxc3 24. Bc1 Ba6 25. e4 Bxf1 26. Kxf1 Rac8 27. Bb2 R3c5 28. g4 Nb6 29. Rh2 Nc4 30. Ke1 Nxb2 31. Rxb2 Rc3 32. a4 Ra3 33. Rb6 Rd8 ({Better is} 33... Rxa4 $15 34. Nc6 Rc7) 34. Rb5 g6 35. Nb3 Rc8 36. Ke2 Rc4 37. Rd8+ Kg7 38. g5 Nxe4 39. gxh6+ Kxh6 40. fxe4 Rxe4+ (40... Raxa4 41. Nd2 (41. Nxa5 Rxe4+ 42. Kf2 Rf4+ 43. Kg2 Rg4+ 44. Kf2 Raf4+ 45. Ke2 Rxh4 $15) 41... Ra2 42. Rxa5 Rxe4+ 43. Kf3 $14) 41. Kf2 Rexa4 42. Nd4 Ra2+ 43. Kg3 R4a3+ (43... R2a3+ $11 44. Nf3 Rb4 45. Rxb4 axb4) 44. Nf3 $14 Re2 $2 (44... Kg7 $14) 45. Rb7 $18 Re5 46. Rxf7 g5 47. h5 Kxh5 {[%emt 0:00:03] [#]} 48. Rf6 $1 1-0

[Event "45th FIDE Olympiad 2024"]
[Site "Budapest"]
[Date "2024.09.14"]
[Round "4.2"]
[White "Drayton, Anthony"]
[Black "Michel Yunis, Christian D."]
[Result "0-1"]
[ECO "D02"]
[WhiteElo "1964"]
[BlackElo "2220"]
[PlyCount "166"]
[EventDate "2024.09.05"]
[EventType "team-tourn"]
[EventCountry "HUN"]
[WhiteTeam "Guyana"]
[BlackTeam "Palestine"]
[WhiteTeamCountry "GUY"]
[BlackTeamCountry "PLE"]
[TimeControl "40/5400+30:1800+30"]

1. d4 d5 2. Bf4 Nf6 3. e3 e6 4. Nf3 c5 5. Nc3 a6 6. a4 Nc6 7. Be2 Bd6 8. Bg3 O-O 9. O-O Bxg3 10. hxg3 Qd6 11. Qd2 Rd8 12. a5 Ne4 13. Qd1 Nxc3 14. bxc3 Qc7 15. dxc5 Nxa5 16. Qd4 Nc6 17. Qh4 Qe7 18. Qxe7 Nxe7 19. Rfb1 Rd7 20. c4 Rc7 21. Ra5 Nc6 22. Ra2 dxc4 23. Bxc4 Kf8 24. Bd3 Nb8 25. Ne5 Rxc5 26. Nc4 Nd7 27. Nd6 Rc7 28. Nb5 Rc6 29. Nd4 Rb6 30. Rxb6 Nxb6 31. Rb2 Na4 32. Ra2 Nc5 33. Be2 e5 34. Nb3 Be6 35. Ra3 Rc8 36. Bf3 Nxb3 37. cxb3 Rc1+ 38. Kh2 Rc7 39. g4 f6 40. Kg3 Ke7 41. Be4 Kd6 42. b4 g6 43. f4 Bc4 44. Ra1 b6 45. Rd1+ Ke7 46. Rh1 Kd8 47. f5 g5 48. Rh6 Rf7 49. Kf2 a5 50. bxa5 bxa5 51. Ke1 a4 52. Kd2 a3 53. Kc3 a2 54. Kb2 Ra7 55. Ka1 Rd7 56. Rh1 Rd2 57. Bf3 Bb3 58. Rxh7 Rf2 59. Rh1 Kc7 60. Rc1+ Kb6 61. Bc6 Ka5 62. Bd7 Rxg2 63. Be6 Kb4 64. e4 Rxg4 65. Bd5 Rf4 66. Kb2 Rf2+ 67. Ka1 Bc2 68. Bxa2 Re2 69. Bd5 g4 70. Rg1 Kc3 71. Rxg4 Re1+ 72. Ka2 Bb1+ 73. Ka3 Bd3 74. Ka2 Kd4 75. Rg6 Bxe4 76. Bxe4 Kxe4 77. Rxf6 Rf1 78. Kb2 Rxf5 79. Ra6 Rf8 80. Kc2 Ke3 81. Ra3+ Ke2 82. Rc3 e4 83. Rc7 e3 {0-} 0-1

[Event "45th FIDE Olympiad 2024"]
[Site "Budapest"]
[Date "2024.09.14"]
[Round "4.3"]
[White "Dominguez Perez, Leinier"]
[Black "Ponomariov, Ruslan"]
[Result "1/2-1/2"]
[ECO "C54"]
[WhiteElo "2748"]
[BlackElo "2654"]
[Annotator "TA"]
[PlyCount "60"]
[EventDate "2024.09.05"]
[EventType "team-tourn"]
[EventCountry "HUN"]
[SourceTitle "playchess.com"]
[Source "ChessBase"]
[SourceQuality "1"]
[WhiteTeam "United States of America"]
[BlackTeam "Ukraine"]
[BlackTeamCountry "UKR"]
[TimeControl "40/5400+30:1800+30"]

1. e4 e5 2. Nf3 Nc6 3. Bc4 Bc5 4. c3 Nf6 5. d3 d6 6. O-O a5 7. Re1 Ba7 8. h3 O-O 9. Bb5 Bd7 10. Ba4 Ne7 11. Bc2 Ng6 12. d4 Re8 13. Nbd2 Bc6 14. a4 h6 15. Bd3 Nf4 16. Bf1 g5 17. g3 Ng6 18. Qc2 d5 (18... Qc8 $11 {remains equal.}) 19. exd5 $1 $16 Bxd5 (19... Qxd5 $2 {is the wrong capture.} 20. Bc4 $18) 20. Nxe5 Nxe5 21. dxe5 ({Don't play} 21. Rxe5 Rxe5 22. dxe5 Nd7 $11) 21... Nd7 22. Qf5 Be6 23. Qf3 c6 {[%emt 0:00:11] [#]} 24. Qh5 $1 Kg7 25. Nf3 f6 {[%emt 0:08:35] [#]} 26. Be3 ({White has to play} 26. Nh4 $1 $16 Qe7 (26... Nxe5 $2 27. Rxe5 Bxf2+ 28. Kxf2 $18) 27. Qg6+ Kh8 28. Qxh6+ Qh7 29. Qxh7+ Kxh7 30. Bd3+ Kg8 31. Nf3) 26... Bf7 $11 {[%emt 0:02:20] Prevents Qg6+. The position is equal.} 27. Qg4 Be6 $1 28. Qh5 {[%emt 0:00:05] Bxa7 would now be deadly.} Bf7 29. Qg4 {[%emt 0:00:01] And now Bxa7 would win.} Be6 $1 30. Qh5 {[%emt 0:02:46] aiming for Bxa7.} Bf7 {[%emt 0:00:18] Weighted Error Value: White=0.08 (flawless) /Black=0.10 (very precise) .  Mistake:       	White=1     	Black=1      Inaccurate:     	White=1     	Black=2      OK:         	White=11    	Black=10     Best:        	White=1     	Black=2      Strong:       	White=2     	Black=2} 1/2-1/2

[Event "45th FIDE Olympiad 2024"]
[Site "Budapest"]
[Date "2024.09.14"]
[Round "4.3"]
[White "Abdel Wahab, Ahmad"]
[Black "Sandiford, Keron"]
[Result "1-0"]
[ECO "E47"]
[WhiteElo "1995"]
[BlackElo "1755"]
[PlyCount "97"]
[EventDate "2024.09.05"]
[EventType "team-tourn"]
[EventCountry "HUN"]
[WhiteTeam "Palestine"]
[BlackTeam "Guyana"]
[WhiteTeamCountry "PLE"]
[BlackTeamCountry "GUY"]
[TimeControl "40/5400+30:1800+30"]

1. d4 Nf6 2. c4 e6 3. Nc3 Bb4 4. e3 O-O 5. Bd3 c5 6. Nge2 cxd4 7. exd4 d5 8. cxd5 exd5 9. O-O h6 10. a3 Ba5 11. b4 Bb6 12. Na4 Bc7 13. Qc2 Bd6 14. h3 b6 15. Be3 Ba6 16. b5 Bc8 17. Rfc1 Be6 18. Qb2 Qe7 19. Bf4 Rc8 20. Rxc8+ Bxc8 21. Rc1 Be6 22. Bxd6 Qxd6 23. Nac3 Nbd7 24. Na2 Nf8 25. Rc6 Qd8 26. Qc2 Rc8 27. Nb4 Rxc6 28. bxc6 Ne8 29. f4 Bc8 30. Qa2 a5 31. Qxd5 Ne6 32. Qxd8 Nxd8 33. Nd5 Be6 34. c7 Nc6 35. f5 Bc8 36. Nxb6 Na7 37. Nxc8 Nxc8 38. Ba6 Ned6 39. Bxc8 Nxc8 40. Nc3 Kf8 41. Nb5 Ke7 42. d5 Kd7 43. d6 a4 44. Kf2 Kc6 45. Ke3 g6 46. Ke4 Kd7 47. fxg6 fxg6 48. Kd5 Nb6+ 49. Kc5 1-0

[Event "45th FIDE Olympiad 2024"]
[Site "Budapest"]
[Date "2024.09.14"]
[Round "4.4"]
[White "Korobov, Anton"]
[Black "Robson, Ray"]
[Result "1-0"]
[ECO "C54"]
[WhiteElo "2650"]
[BlackElo "2700"]
[Annotator "TA"]
[PlyCount "113"]
[EventDate "2024.09.05"]
[EventType "team-tourn"]
[EventCountry "HUN"]
[SourceTitle "playchess.com"]
[Source "ChessBase"]
[SourceQuality "1"]
[WhiteTeam "Ukraine"]
[BlackTeam "United States of America"]
[WhiteTeamCountry "UKR"]
[TimeControl "40/5400+30:1800+30"]

1. e4 e5 2. Nf3 Nc6 3. Bc4 Nf6 4. d3 Bc5 5. O-O d6 6. c3 h6 7. b4 Bb6 8. a4 a5 {[%emt 0:01:11] The main line 8...a5 scores better than 8...a6. C54: Giuoco Piano: 4 c3 Nf6, main lines with 5 d4 and 5 d3.} 9. b5 Ne7 10. Be3 Bxe3 11. fxe3 Ng6 12. Bb3 c6 $146 ({Predecessor:} 12... d5 13. exd5 Nxd5 14. Qe1 O-O 15. d4 c6 16. Kh1 Qe7 17. c4 Nb4 18. Nc3 Bg4 {½-½ Rodriguez Fraga,Y (2425)-Morales,O (2362) WZ-ch fin01 email 2018}) 13. c4 d5 14. exd5 cxd5 15. c5 Qe7 16. d4 Ng4 17. Nc3 Be6 18. Qe1 e4 19. Nd2 Qc7 20. Qg3 Qxg3 21. hxg3 Ne7 22. Rae1 h5 23. Bd1 Nf6 24. b6 Nf5 25. Kf2 Bd7 26. Rh1 Rh6 27. Rh2 (27. Bxh5 $14 Rxh5 28. Rxh5 Nxh5 29. Nxd5 (29. g4 Nxd4 30. Rh1 Ne6 $16)) 27... Bc6 (27... Kf8 $1 $11) 28. Reh1 $1 $16 Ke7 29. Bxh5 Rxh5 (29... Rah8 $16 30. g4 g6) 30. Rxh5 $18 Ng4+ (30... Nxh5 {was called for.} 31. Rxh5 Ke6) 31. Ke1 Ngxe3 {[%emt 0:00:24] [#]} 32. Nb3 $1 Kf6 33. Rh8 (33. g4 $18 g6 34. Rh8 Nc2+ 35. Kd1 Ncxd4 36. Nxe4+ (36. Rxa8 Ne3+ 37. Ke1 Nxb3 $18) (36. gxf5 Rxh8 37. Rxh8 Nxb3 $14) 36... Ke5 37. Rxa8 Ne3+ 38. Ke1 (38. Kd2 Nxb3+ 39. Kxe3 d4+ 40. Kf2 Kxe4 $18) 38... Nxb3 39. Rc8 Nc2+ (39... Kxe4 $2 40. Rxc6 Nxg2+ 41. Kf2 $18) 40. Kf2 (40. Kd1 Nb4 $18)) 33... Nc2+ $16 34. Kd2 Ncxd4 35. Rxa8 (35. Nxd4 $142 Rxh8 36. Rf1 (36. Rxh8 Nxd4 37. Rc8 Nb3+ 38. Ke2 Nxc5 $16)) 35... Nxb3+ $16 36. Kc2 Nxc5 $2 {[%emt 0:01:02][%mdl 8192] [#]} (36... Nfd4+ $11 37. Kb2 Nxc5) 37. Rf1 $1 $18 ({Weaker is} 37. Rxa5 Nd4+ 38. Kb2 Nde6 $11) 37... Ke5 38. Rxf5+ $1 (38. Rxa5 $2 {too greedy.} Ne3+ (38... Nxg3 $2 {perishes.} 39. Rxc5 Nxf1 40. Rxc6 $18) 39. Kb1 Nb3 $19 (39... Nxf1 $2 40. Rxc5 Kd6 41. Ra5 $19)) 38... Kxf5 39. Rxa5 Nd3 40. Nxd5 Kg4 41. Kd2 g6 42. Ke3 f5 43. Ne7 Bd7 44. Nxg6 Kxg3 45. Ne7 Kg4 46. Ra8 Be6 47. a5 Nc5 48. Ng6 Kg5 49. Nf4 Bd7 50. Rd8 Bc6 51. Rd6 Be8 52. Ne6+ Nxe6 53. Rxe6 Bb5 54. g3 Ba6 55. Re8 Kg4 56. Rg8+ Kh3 57. Rg5 1-0

[Event "45th FIDE Olympiad 2024"]
[Site "Budapest"]
[Date "2024.09.14"]
[Round "4.4"]
[White "Pitamber, Sachin Dhilan"]
[Black "Miswadah, Baha"]
[Result "0-1"]
[ECO "B34"]
[WhiteElo "1715"]
[BlackElo "1957"]
[PlyCount "106"]
[EventDate "2024.09.05"]
[EventType "team-tourn"]
[EventCountry "HUN"]
[WhiteTeam "Guyana"]
[BlackTeam "Palestine"]
[WhiteTeamCountry "GUY"]
[BlackTeamCountry "PLE"]
[TimeControl "40/5400+30:1800+30"]

1. e4 c5 2. Nc3 g6 3. Nf3 Bg7 4. d4 cxd4 5. Nxd4 Nc6 6. Be3 Nf6 7. Be2 O-O 8. Qd2 d5 9. Nxc6 bxc6 10. Rd1 Bb7 11. e5 Nd7 12. h4 Nxe5 13. h5 Nd7 14. hxg6 fxg6 15. Bh6 Rf7 16. Bg4 Nf8 17. Bxg7 Rxg7 18. Ne4 Qb6 19. Ng5 Qxb2 20. Be6+ Nxe6 21. Nxe6 Rf7 22. Qe3 Rf5 23. Nd4 Rf7 24. Qe6 Qb4+ 25. Kf1 Qd6 26. Rb1 Ba6+ 27. Kg1 c5 28. Rxh7 Qxe6 29. Nxe6 Rxh7 30. Nc7 Rc8 31. Nxa6 e6 32. Rb5 c4 33. Nc5 Re7 34. f4 Kf7 35. Nb7 Kf6 36. g4 Rb8 37. g5+ Kg7 38. Nd6 Rxb5 39. Nxb5 a6 40. Nd4 Kf7 41. Nf3 Rb7 42. Ne5+ Kg7 43. Nf3 Rb2 44. Nd4 Kf7 45. Kf2 Rxa2 46. Ke2 a5 47. Kd2 Ra1 48. Kc3 Rf1 49. Nc6 Rf3+ 50. Kb2 Rxf4 51. Nxa5 Rf5 52. Nb7 Rxg5 53. Nd6+ Ke7 {0-} 0-1

[Event "45th FIDE Olympiad 2024"]
[Site "Budapest"]
[Date "2024.09.14"]
[Round "4.5"]
[White "Rapport, Richard"]
[Black "Vocaturo, Daniele"]
[Result "1-0"]
[ECO "C54"]
[WhiteElo "2715"]
[BlackElo "2600"]
[Annotator "TA"]
[PlyCount "99"]
[EventDate "2024.09.05"]
[EventType "team-tourn"]
[EventCountry "HUN"]
[SourceTitle "playchess.com"]
[Source "ChessBase"]
[SourceQuality "1"]
[WhiteTeam "Hungary"]
[BlackTeam "Italy"]
[WhiteTeamCountry "HUN"]
[BlackTeamCountry "ITA"]
[TimeControl "40/5400+30:1800+30"]

1. e4 e5 2. Nf3 Nc6 3. Bc4 Bc5 4. h3 Nf6 5. d3 a6 6. c3 Ba7 7. Bb3 d6 8. Nbd2 Qe7 9. a4 Be6 10. O-O h6 {[%emt 0:04:37] The position is equal.} 11. Bxe6 Qxe6 12. Re1 O-O 13. Nf1 d5 14. exd5 Qxd5 15. Be3 Rfd8 16. Bxa7 (16. Ng3 {simplifies} Qxd3 17. Qxd3 Rxd3 18. Bxa7 Rxa7 19. Nxe5 Nxe5 20. Rxe5 Ra8 21. Re7) 16... Rxa7 17. Ne3 Qxd3 18. Qb3 {[%emt 0:00:18] Rad1 would now be deadly.} Re8 19. Rad1 Qg6 20. Nh4 Qh7 (20... Qg5 $11 {keeps the balance.} 21. Nhf5 Rc8) 21. Ng4 $16 Nxg4 22. hxg4 g6 23. Rd7 Qg7 24. Nf3 {[%emt 0:05:37] White has more active pieces.} Qf6 25. Rxc7 Re7 26. Qb6 Rxc7 27. Qxc7 b5 {[%emt 0:00:27] White now steadily converts the win.} 28. Qb6 {[%emt 0:00:02][%cal Oe1e5] Hoping for Rxe5!} bxa4 {[%emt 0:01:17] [#]} 29. Rxe5 $1 {[%emt 0:00:28] Black must now prevent Rc5.} Rd7 (29... a3 30. Re8+) 30. Re8+ (30. Qxa6 $2 {is the wrong capture.} Nxe5 31. Qxa4 Rd8 $19 (31... Nxf3+ $2 32. gxf3 Rd2 33. Kg2 $19)) 30... Kg7 31. Qxa6 Rd1+ 32. Re1 Rxe1+ 33. Nxe1 {[%emt 0:00:04][%mdl 4096] Endgame. KQN-KQN} Qe6 {[%emt 0:00:12] [#]} (33... Qe5 $16 34. Nf3 Qe4) 34. Kf1 $1 $18 Qd5 (34... Ne5 $142 35. Qxa4 Nc4) 35. Qxa4 Ne5 36. Qd4 Qxd4 37. cxd4 Nxg4 {[%emt 0:00:08] KN-KN} 38. Ke2 Kf8 39. Nd3 Ke7 40. Ne5 Nf6 {[%emt 0:00:04] [#]} 41. Kd3 $1 Ke6 42. b4 Nd5 43. Kc4 {[%emt 0:00:00] aiming for Kc5.} g5 {[%emt 0:00:00] [#]} (43... f6 $142) 44. Nxf7 $1 Nb6+ (44... g4 45. Nxh6) 45. Kb5 Nc8 46. Nxh6 {[%emt 0:00:00] Intending Kc5 and mate.} Kd5 47. Nf5 {[%emt 0:00:00] White mates.} g4 48. f3 gxf3 49. gxf3 Na7+ 50. Ka6 {[%emt 0:00:00] Weighted Error Value: White=0.04 (flawless) /Black=0.35.  Mistake:       	---       	Black=4      Inaccurate:     	White=2     	Black=3      OK:         	White=15    	Black=12     Best:        	White=6     	Black=7      Strong:       	White=2     	---        Brilliant:      	White=2     	---} 1-0

[Event "45th FIDE Olympiad 2024"]
[Site "Budapest"]
[Date "2024.09.14"]
[Round "4.5"]
[White "Stratonowitsch, Andre"]
[Black "Birhanu, Tegegn Mehadem"]
[Result "1/2-1/2"]
[ECO "B55"]
[WhiteElo "2154"]
[BlackElo "2077"]
[PlyCount "63"]
[EventDate "2024.09.05"]
[EventType "team-tourn"]
[EventCountry "HUN"]
[WhiteTeam "Seychelles"]
[BlackTeam "Ethiopia"]
[WhiteTeamCountry "SEY"]
[BlackTeamCountry "ETH"]
[TimeControl "40/5400+30:1800+30"]

1. e4 c5 2. Nf3 d6 3. d4 cxd4 4. Nxd4 Nf6 5. Bb5+ Bd7 6. c4 Nc6 7. Nc3 g6 8. O-O Bg7 9. Nxc6 Bxc6 10. Bxc6+ bxc6 11. Be3 O-O 12. h3 Qc8 13. Rc1 c5 14. Qd2 Qb7 15. Rfe1 Rab8 16. b3 Rfd8 17. Bg5 a6 18. Re2 Rd7 19. Rce1 Ne8 20. Nd5 e6 21. Nc3 Qb4 22. Rc1 Rbb7 23. Be3 Nf6 24. Bh6 Bh8 25. Bf4 Nh5 26. Bg5 Bd4 27. Be3 Bg7 28. Bh6 Bh8 29. Bg5 Bd4 30. Be3 Bg7 31. Bg5 Bd4 32. Be3 1/2-1/2

[Event "45th FIDE Olympiad 2024"]
[Site "Budapest"]
[Date "2024.09.14"]
[Round "4.6"]
[White "Lodici, Lorenzo"]
[Black "Leko, Peter"]
[Result "1-0"]
[ECO "C54"]
[WhiteElo "2556"]
[BlackElo "2666"]
[Annotator "RC"]
[PlyCount "145"]
[EventDate "2024.09.05"]
[EventType "team-tourn"]
[EventCountry "HUN"]
[SourceTitle "playchess.com"]
[Source "ChessBase"]
[SourceQuality "1"]
[WhiteTeam "Italy"]
[BlackTeam "Hungary"]
[WhiteTeamCountry "ITA"]
[BlackTeamCountry "HUN"]
[TimeControl "40/5400+30:1800+30"]

1. e4 e5 2. Nf3 Nc6 3. Bc4 Bc5 4. d3 Nf6 5. Bg5 h6 6. Bh4 d6 7. c3 a5 8. Nbd2 Ba7 9. O-O g5 10. Bg3 O-O 11. Re1 Nh7 12. h3 h5 13. d4 Qf6 14. Be2 Qg7 15. dxe5 dxe5 16. Nc4 Nf6 17. Nfd2 g4 18. h4 Re8 19. Qc2 Qg6 20. Bd3 Be6 21. Ne3 Bxe3 22. Rxe3 Nd7 23. f3 gxf3 24. Rxf3 Nf6 25. Nc4 Ng4 26. Raf1 Rad8 27. Qe2 Qh6 28. Be1 Qg7 29. Ne3 Nxe3 30. Qxe3 Rd6 31. Rg3 Bg4 32. Be2 Rg6 33. Bxg4 Rxg4 34. Rxg4 hxg4 35. h5 Re6 36. Bh4 f6 37. Qe2 Rd6 38. Kh2 Nd8 39. Kg3 Nf7 40. Qxg4 Nh6 41. Qxg7+ Kxg7 42. Kf3 a4 43. Rf2 c5 44. g4 Nf7 45. c4 Nh6 46. g5 fxg5 47. Bxg5 Rd3+ 48. Ke2 Rh3 49. Bf6+ Kh7 50. Bxe5 Rxh5 51. Bd6 Kg6 52. Rf8 Nf7 53. Bf4 Rh4 54. Kf3 Rh3+ 55. Kg4 Rd3 56. Rg8+ Kf6 57. Re8 Rd4 58. e5+ Kg6 59. Re6+ Kg7 60. Kf5 Kf8 61. Rf6 Ke8 62. e6 Nd6+ 63. Bxd6 Rxd6 64. Rh6 Rd4 65. Rh8+ Ke7 66. Rh7+ Ke8 67. b3 a3 68. Rxb7 Rd2 69. Kf6 Rf2+ 70. Ke5 Rxa2 71. Kd6 Rd2+ 72. Kxc5 a2 73. Ra7 1-0

[Event "45th FIDE Olympiad 2024"]
[Site "Budapest"]
[Date "2024.09.14"]
[Round "4.6"]
[White "Tsige, Addisalem Temesgen"]
[Black "Meier, Peter"]
[Result "1-0"]
[ECO "D00"]
[WhiteElo "2068"]
[BlackElo "2062"]
[PlyCount "115"]
[EventDate "2024.09.05"]
[EventType "team-tourn"]
[EventCountry "HUN"]
[WhiteTeam "Ethiopia"]
[BlackTeam "Seychelles"]
[WhiteTeamCountry "ETH"]
[BlackTeamCountry "SEY"]
[TimeControl "40/5400+30:1800+30"]

1. d4 d5 2. Bf4 Nf6 3. e3 c5 4. c3 Nc6 5. Nd2 cxd4 6. exd4 Bf5 7. Ngf3 e6 8. Qb3 Qc8 9. Nh4 Be4 10. Nxe4 dxe4 11. g3 Be7 12. Ng2 O-O 13. Bg5 Nd5 14. Bxe7 Ncxe7 15. c4 Nf6 16. Ne3 Rd8 17. Rd1 Nc6 18. Qc3 Qc7 19. Bg2 e5 20. d5 Nd4 21. Nc2 Nxd5 22. cxd5 Nxc2+ 23. Kf1 Qxc3 24. bxc3 f5 25. g4 Rac8 26. gxf5 Rxc3 27. Bxe4 Nd4 28. Kg2 Ne2 29. Rhe1 Nf4+ 30. Kf1 Kf7 31. Re3 Rc5 32. d6 Rd7 33. Bxb7 Kf6 34. Be4 g6 35. fxg6 hxg6 36. Bf3 Rc2 37. Bg4 Rd8 38. a3 Rc6 39. d7 Ne6 40. Red3 Ke7 41. Rh3 Rf8 42. Bxe6 Rxe6 43. Rh7+ Kd8 44. Rb1 Rb6 45. Rc1 Rb8 46. Ke2 e4 47. Ke3 a5 48. Kxe4 a4 49. f4 g5 50. Rc8+ Rxc8 51. dxc8=Q+ Kxc8 52. fxg5 Re8+ 53. Kf5 Rf8+ 54. Ke6 Rf3 55. g6 Rf2 56. Rh8+ Kc7 57. g7 Re2+ 58. Kd5 1-0